 Dungeon Crawl Stone Soup version 0.22-a0-161-g198051cff3 (console) character file.

26 Muffindrake the Sneak (level 2, -2/22 HPs)
             Began as a Vampire Assassin on Feb 11, 2018.
             Slain by a worker ant (5 damage)
             ... on level 2 of the Dungeon.
             The game lasted 00:09:09 (1625 turns).

Muffindrake the Sneak (Vampire Assassin)            Turns: 1625, Time: 00:09:10

Health: -2/22      AC:  5    Str: 10    XL:     2   Next: 89%
Magic:  11/11      EV: 12    Int: 13    God:
Gold:   94         SH:  0    Dex: 15    Spells: 1/1 levels left

rFire    . . .     SeeInvis +   a - +2 dagger
rCold    + . .     Gourm    .   (no shield)
rNeg     + + .     Faith    .   c - +0 robe
rPois    +         Spirit   .   (no helmet)
rElec    .         Reflect  .   d - +0 cloak
rCorr    .         Harm     .   (no gloves)
MR       .....                  (no boots)
Stlth    ++++......             (no amulet)
HPRegen  0.03/turn              h - ring of magical power
MPRegen  0.12/turn              (no ring)

@: regenerating slowly
A: fangs 3, hooves 1, molten scales 1, see invisible, unbreathing
a: no special abilities


You were on level 2 of the Dungeon.
You were very thirsty.

You visited 1 branch of the dungeon, and saw 2 of its levels.

You collected 94 gold pieces.

Inventory:

Hand Weapons
 a - a +2 dagger (weapon)
 b - a +0 blowgun
Missiles
 e - 8 poisoned needles
 f - 2 curare-tipped needles
Armour
 c - a +0 robe (worn)
 d - a +0 cloak (worn)
Jewellery
 h - a ring of magical power (left hand)
Scrolls
 j - a scroll of identify
 k - a scroll of remove curse
Potions
 g - 8 potions of blood
 i - 3 potions of heal wounds


   Skills:
 + Level 1.8 Fighting
 + Level 2.5 Short Blades
 + Level 1.7 Throwing
 + Level 1.1 Dodging
 + Level 7.0 Stealth


You had one spell level left.
You didn't know any spells.

Dungeon Overview and Level Annotations

Branches:
Dungeon (2/15)

Altars:


Innate Abilities, Weirdness & Mutations

You heal slowly.
You have razor-sharp teeth.
You have supernaturally acute eyesight. (SInv)
You can survive without breathing.
You have large cloven feet.
You are partially covered in molten scales. (AC +2)


Message History

The worker ant bites you.
You hit the worker ant.
The worker ant is heavily wounded.
The worker ant closely misses you.
You closely miss the worker ant.
The worker ant is heavily wounded.
The worker ant bites you.
You hit the worker ant but do no damage.
The worker ant is heavily wounded.
The worker ant bites you but does no damage.
You hit the worker ant but do no damage.
The worker ant is heavily wounded.
The worker ant bites you! The worker ant bites you.
You hit the worker ant but do no damage.
The worker ant is heavily wounded.
The worker ant bites you.
* * * LOW HITPOINT WARNING * * *
There is an open door here.
The worker ant bites you.
You die...

............#.###........##.....#
#.....#.###...............'.....'
#.#.###.# #...###........##.....#
# # . #.# #...# #........##.....#
# #.# #)..#############.....# #
#.# #...##........# #...).# # #.#
#...##........# #.....# #.###....
....##........# ####### .......
###..##........# ####### .......
...##........# #...... #######
#.###@...>...###.##### .
.#.a..............### ##
#.#...)....###....## #.#........#
#....## #........#####....##
#........'........##
#........######...##
#..#####........# ...#.
#..#...#........# ...#.
#####..#...#........# #.
#...#..#...#........# ##.


You could see a worker ant.

Vanquished Creatures
  4 giant cockroaches
  3 goblins
  5 hobgoblins
  2 kobolds
  3 ball pythons
  3 bats
  3 rats
23 creatures vanquished.

Notes
Turn   | Place    | Note
-------+----------+-------------------------------------------
     0 | D:1      | Muffindrake the Vampire Assassin began the quest for the Orb.
     0 | D:1      | Reached XP level 1. HP: 16/16 MP: 1/1
    58 | D:1      | Reached skill level 6 in Stealth
   305 | D:1      | Gained mutation: You are partially covered in molten scales. (AC +2) [potion of mutation]
   305 | D:1      | Gained mutation: You have large cloven feet. [potion of mutation]
   307 | D:1      | Reached XP level 2. HP: 22/22 MP: 2/2
  1038 | D:2      | Reached skill level 7 in Stealth
  1625 | D:2      | Slain by a worker ant

Vault maps used:
D:1:      dpeg_arrival_radiant

Skill      XL: |  1  2 |
---------------+-------+-----
Stealth        | 6 7 |  7.0
Fighting       | |  1.8
Short Blades   | |  2.5
Throwing       | |  1.7
Dodging        | |  1.1

Action                   || total
-------------------------++-------
Melee: Dagger            ||    71
       Kick              ||     7
       Bite              ||     1
  Use: Potion            ||     4
       Scroll            ||     3
 Stab: Sleeping          ||     7
Armor: Robe              ||    10
Dodge: Dodged            ||    43

Table legend:
 A = Spawn XP
 B = Non-spawn XP
 C = Spawn XP percentage of total XP
 D = Spawn monster count
 E = Non-spawn monster count
 F = Spawn count percentage of total count
 G = Total turns spent on level
                    A         B        C        D         E        F      G
               +---------+---------+-------+---------+---------+-------+---------
         Total |       0 |      38 |   0.0 |       0 |      23 |   0.0 |  1625
               +---------+---------+-------+---------+---------+-------+---------
           D:1 |       0 |      20 |   0.0 |       0 |      12 |   0.0 |   726
           D:2 |       0 |      18 |   0.0 |       0 |      11 |   0.0 |   899
               +---------+---------+-------+---------+---------+-------+---------
